 Dungeon Crawl Stone Soup version 0.22-a0-785-g6253c82ace (webtiles) character file.

67220 Htamos the Blocker (level 14, -6/118 HPs)
             Began as a Demigod Fighter on July 20, 2018.
             Mangled by a harpy (17 damage)
             ... summoned by Kirke
             ... while paralysed by a sphinx
             ... on level 2 of the Lair of Beasts.
             The game lasted 01:03:38 (22141 turns).

Htamos the Blocker (Demigod Fighter)               Turns: 22141, Time: 01:03:39

Health: -6/118     AC:  0    Str: 21    XL:     14   Next: 42%
Magic:  17/17      EV:  3    Int: 12    God:
Gold:   657        SH:  0    Dex: 23    Spells: 13/13 levels left

rFire    . . .     SeeInvis .   (weapon currently unavailable)
rCold    . . .     Gourm    .   (shield currently unavailable)
rNeg     . . .     Faith    .   (armour currently unavailable)
rPois    .         Spirit   .   (helmet currently unavailable)
rElec    .         Reflect  .   (cloak currently unavailable)
rCorr    .         Harm     .   (gloves currently unavailable)
MR       +....                  (boots currently unavailable)
Stlth    +.........             u - amulet of regeneration
HPRegen  0.69/turn              (ring currently unavailable)
MPRegen  0.15/turn              (ring currently unavailable)

@: confused, paralysed, pig-form, slowed, studying Shields, very quick
A: small, agile 1, high mp 1
a: no special abilities


You were on level 2 of the Lair of Beasts.
You were not hungry.
You were a filthy swine.
You visited 5 branches of the dungeon, and saw 22 of its levels.
You also visited: Volcano.

You collected 6347 gold pieces.
You spent 5690 gold pieces at shops.

Inventory:

Hand Weapons
 a - a +0 war axe
 b - a +5 broad axe of flaming (melded)
 h - a +1 hand axe of chopping
 q - the +1 great mace of Infection {holy, Int+5}
   (You took it off a two-headed ogre on level 1 of the Orcish Mines)

   It has been blessed by the Shining One to cause great damage to the undead
   and demons.
   It affects your intelligence (+5).
 A - a +1 war axe of venom
Armour
 r - a +2 cloak (melded)
 x - a +1 pair of gloves (melded)
 D - the +8 orange crystal plate armour (melded) {Archmagi, Int+3 Clar}
   (You bought it in a shop on level 2 of the Orcish Mines)

   It affects your intelligence (+3).
   It protects you against confusion.
 K - a +2 helmet (melded)
 M - a +0 large shield (melded)
 N - a +1 plate armour of fire resistance
Jewellery
 d - a cursed ring of loudness
 n - an uncursed ring of ice
 o - an uncursed ring of protection from cold
 t - an uncursed amulet of harm
 u - an amulet of regeneration (around neck)
 v - an uncursed amulet of the acrobat
 C - a +2 ring of strength
 F - an uncursed amulet of harm
 G - an uncursed ring of flight
 J - a +6 ring of dexterity (melded)
 R - a ring of poison resistance (melded)
 V - a +3 ring of dexterity
Wands
 s - a wand of enslavement (17)
 y - a wand of random effects (43)
 W - a wand of paralysis (15)
Scrolls
 e - 8 scrolls of amnesia
 g - a scroll of fog
 j - 12 scrolls of remove curse
 w - 6 scrolls of teleportation
 B - 7 scrolls of immolation
 I - 4 scrolls of magic mapping
 O - a scroll of blinking
Potions
 i - 3 potions of degeneration
 k - a potion of mutation
 l - 3 potions of brilliance
 m - 4 potions of cancellation
 p - 7 potions of curing
 z - a potion of flight
 E - 2 potions of magic
 Q - 2 potions of heal wounds
 T - a potion of ambrosia
Books
 U - a manual of Shields
Comestibles
 f - 31 rations
 P - a chunk of flesh


   Skills:
 + Level 9.2 Fighting
 + Level 9.0 Axes
 * Level 12.6 Armour
 * Level 11.9 Dodging
 * Level 12.9 Shields


You had 13 spell levels left.
You didn't know any spells.
Your spell library contained the following spells:

 Spells                   Type           Power        Failure   Level  Hunger
 Magic Dart               Conj           #...         32%         1    ##.....
 Fireball                 Conj/Fire      #.........   100%        5    ######.
 Conjure Flame            Conj/Fire      #.......     69%         3    ####...
 Lightning Bolt           Conj/Air       #.........   100%        5    ######.
 Bolt of Magma            Conj/Fire/Erth #.........   100%        5    ######.
 Confuse                  Hex            #.......     69%         3    ####...
 Freezing Cloud           Conj/Ice/Air   #.........   100%        6    #######
 Mephitic Cloud           Conj/Pois/Air  #.......     69%         3    ####...
 Ring of Flames           Chrm/Fire      #.........   100%        7    #######
 Summon Small Mammal      Summ           #...         32%         1    ##.....
 Iskenderun's Mystic Bla  Conj           #.......     97%         4    #####..
 Summon Ice Beast         Ice/Summ       #.......     97%         4    #####..
 Call Imp                 Summ           #.......     45%         2    ###....
 Sublimation of Blood     Necr           #.........   45%         2    ###....
 Iron Shot                Conj/Erth      #.........   100%        6    #######
 Shock                    Conj/Air       #...         32%         1    ##.....
 Swiftness                Chrm/Air       #.......     45%         2    ###....
 Spider Form              Tmut/Pois      #.........   69%         3    ####...
 Blade Hands              Tmut           #.........   100%        5    ######.
 Statue Form              Tmut/Erth      #........    100%        6    #######
 Ice Form                 Ice/Tmut       #.......     97%         4    #####..
 Airstrike                Air            #.........   97%         4    #####..
 Confusing Touch          Hex            #.....       32%         1    ##.....
 Ignite Poison            Fire/Tmut/Pois #.......     69%         3    ####...
 Sticks to Snakes         Tmut           #.......     45%         2    ###....
 Call Canine Familiar     Summ           #.......     69%         3    ####...
 Metabolic Englaciation   Hex/Ice        #.........   100%        5    ######.
 Shatter                  Erth           #.........   100%        9    #######
 Static Discharge         Conj/Air       #.......     69%         3    ####...
 Alistair's Intoxication  Tmut/Pois      #.......     100%        5    ######.
 Petrify                  Tmut/Erth      #.......     97%         4    #####..
 Leda's Liquefaction      Hex/Erth       #.........   97%         4    #####..
 Beastly Appendage        Tmut           #.....       32%         1    ##.....
 Iskenderun's Battlesphe  Conj/Chrm      #.......     100%        5    ######.
 Fulminant Prism          Conj/Hex       #.........   97%         4    #####..
 Dazzling Spray           Conj/Hex       #.....       69%         3    ####...
 Force Lance              Conj/Tloc      #.......     97%         4    #####..
 Searing Ray              Conj           #.....       45%         2    ###....
 Summon Lightning Spire   Summ/Air       #.......     97%         4    #####..
 Summon Guardian Golem    Hex/Summ       #.......     69%         3    ####...
 Irradiate                Conj/Tmut      #.........   100%        5    ######.
 Gell's Gravitas          Tloc           #.........   69%         3    ####...
 Yara's Violent Unravell  Hex/Tmut       #.........   100%        5    ######.
 Poisonous Vapours        Pois/Air       #.....       45%         2    ###....


Dungeon Overview and Level Annotations

Branches:
Dungeon (12/15)            Temple (1/1) D:5            Lair (6/6) D:10
  Swamp (0/4) Lair:3       Spider (1/4) Lair:2        Slime (0/5) Lair:6
    Orc (2/2) D:11            Elf (0/3) Orc:2

Shops:
D:4 (   D:5 }   D:8 !   D:9 (   Orc:1 *=   Orc:2 *(?[[

Annotations:
D:10 Gastronok
Lair:2 Kirke


Innate Abilities, Weirdness & Mutations

You have an increased reservoir of magic. (+10% MP)
((You have sharp toenails.))
You are agile. (Dex +2)
((Your flesh is cold resistant. (rC+)))


Message History

The sphinx hits you!! The sphinx hits you! The sphinx barely misses you.
The harpy claws you. x2; The harpy claws you!
The harpy completely misses you.
The sphinx hits you. x2; The sphinx barely misses you.
The harpy screeches!
The sphinx casts a spell.
You shrug off the repeated paralysis!
The harpy claws you!
* * * LOW HITPOINT WARNING * * *
The harpy claws you!
* * * LOW HITPOINT WARNING * * *
Kirke casts a spell.
Kirke flickers and vanishes!
The harpy claws you.
* * * LOW HITPOINT WARNING * * *
The harpy completely misses you.
The harpy screeches!
The harpy claws you!
* * * LOW HITPOINT WARNING * * *
The harpy claws you!
* * * LOW HITPOINT WARNING * * *
The harpy claws you!
You die...

......}.................##.......
.................................
......................#..........
..<...................#.<........
#....................##..........
#..).................P#..........
###.............{...###........[.
# #.............HH...##..........
#####..........Hh...##...........
.###.#...............#...........
..###.......).....#####..........
...............#### #..P.......
.......##..#.P## ###..#.......
......###...### ##......P.....
......# ##..# #......#......
.####.# ##.# ##.##..#P...#. ##
### ### #############


You could see a sphinx and 2 harpies.

Vanquished Creatures
  The ghost of Fandomethor the Warrior, a journeyman MiFi of Okawaru (Orc:1)
  Louise (Spider:1)
  The ghost of Azzok the Earth Mage, a journeyman GrEE of Vehumet (Lair:5)
  2 hydras
  7 two-headed ogres
  6 orc high priests
  Sonja (Lair:2)
  Nergalle (D:10)
  3 unseen horrors
  A necromancer (Lair:6)
  4 orc sorcerers
  4 wolf spiders
  A cyclops (D:11)
  3 orb spiders (Spider:1)
  A moth of wrath (Lair:2)
  5 elephants (Lair:5)
  A smoke demon (Volcano)
  A torpor snail (Lair:2)
  2 molten gargoyles (Volcano)
  A gargoyle (D:11)
  4 black mambas
  3 rime drakes
  21 spiny frogs
  5 komodo dragons
  2 red devils (Volcano)
  2 demonic crawlers
  A hornet (Spider:1)
  4 tyrant leeches
  5 trolls
  2 jumping spiders (Spider:1)
  27 blink frogs
  3 hippogriffs
  3 dream sheep (Lair:2)
  11 redbacks
  6 tarantellas
  3 wraiths (D:11)
  6 fire bats (Volcano)
  2 wyverns
  2 basilisks
  25 yaks
  8 hogs
  A human (D:7)
  A steam dragon (D:10)
  4 hungry ghosts
  Menkaure (D:4)
  4 wargs
  An acid dragon (D:11)
  6 vampire mosquitoes (Lair:6)
  15 water moccasins
  2 hell hounds (Volcano)
  2 porcupines
  16 orc warriors
  3 phantoms
  A necrophage (D:7)
  2 ice beasts (D:8)
  7 sky beasts
  13 ogres
  4 wolves (Lair:4)
  11 crocodiles
  7 centaurs
  17 bullfrogs
  A water moccasin skeleton (D:7)
  6 scorpions
  9 killer bees (D:8)
  4 howler monkeys
  An electric eel (Lair:6)
  5 lava snakes (Volcano)
  5 crimson imps
  A bullfrog zombie (D:7)
  2 gnoll shamans
  28 orc priests
  2 centaur skeletons
  2 centaur zombies
  2 hounds
  5 jellies
  32 orc wizards
  Crazy Yiuf (D:3)
  2 bullfrog skeletons (D:11)
  5 iguanas
  11 worker ants
  5 polar bear simulacra (Lair:6)
  4 yak simulacra (Lair:6)
  A killer bee zombie (D:8)
  2 hound zombies
  A worker ant zombie (D:5)
  A howler monkey zombie (D:5)
  10 gnolls
  11 adders
  3 shadow imps
  10 oozes
  4 adder skeletons
  5 worms
  5 leopard geckos
  82 orcs
  5 bats
  9 giant cockroaches
  9 goblins
  7 hobgoblins
  10 jackals
  6 quokkas
  2 ball pythons (D:4)
  5 frilled lizards
  A jackal zombie (D:5)
  12 kobolds
  A leopard gecko zombie (D:5)
  A quokka skeleton (D:5)
  A quokka zombie (D:5)
  3 rats
  2 river rat simulacra (Lair:6)
  5 fungi
  3 plants
660 creatures vanquished.

Vanquished Creatures (others)
  11 fungi
  16 plants (Lair:6)
  2 toadstools (D:3)
29 creatures vanquished.

Grand Total: 689 creatures vanquished

Notes
Turn   | Place    | Note
-------+----------+-------------------------------------------
     0 | D:1      | Htamos the Demigod Fighter began the quest for the Orb.
     0 | D:1      | Reached XP level 1. HP: 18/18 MP: 3/3
   869 | D:2      | Reached XP level 2. HP: 23/25 MP: 4/4
  1141 | D:2      | Reached XP level 3. HP: 12/31 MP: 5/5
  1858 | D:3      | Reached XP level 4. HP: 27/38 MP: 6/6
  2662 | D:3      | Found a runed door.
  2858 | D:3      | Reached XP level 5. HP: 39/45 MP: 7/7
  3301 | D:3      | Noticed Crazy Yiuf
  3309 | D:3      | Killed Crazy Yiuf
  3445 | D:4      | Noticed an ogre
  3463 | D:4      | Killed an ogre
  3463 | D:4      | Reached XP level 6. HP: 51/51 MP: 8/8
  3531 | D:4      | Noticed Menkaure
  3544 | D:4      | Killed Menkaure
  3544 | D:4      | Reached skill level 1 in Dodging
  3652 | D:3      | Reached XP level 7. HP: 52/58 MP: 9/9
  3719 | D:4      | Found Omyny's Weapon Emporium.
  3987 | D:4      | Reached skill level 5 in Armour
  3987 | D:4      | Reached skill level 5 in Shields
  4135 | D:5      | Entered Level 5 of the Dungeon
  4289 | D:5      | Found Nucezav's Gadget Emporium.
  4422 | D:5      | Found a staircase to the Ecumenical Temple.
  4610 | D:5      | Reached XP level 8. HP: 66/66 MP: 10/10
  4991 | Temple   | Entered the Ecumenical Temple
  5659 | D:6      | You fall through a shaft!
  6212 | D:7      | Reached XP level 9. HP: 73/73 MP: 11/11
  6547 | D:7      | Reached skill level 5 in Fighting
  6816 | D:7      | Reached skill level 5 in Dodging
  7073 | D:8      | Found Xaoc's Distillery.
  7114 | D:8      | Bought a potion of heal wounds for 70 gold pieces
  7114 | D:8      | Bought a potion of heal wounds for 70 gold pieces
  7171 | D:8      | Reached skill level 5 in Axes
  7357 | D:8      | Found an ancient bone altar of Kikubaaqudgha.
  7527 | D:8      | Reached XP level 10. HP: 82/82 MP: 13/13
  8262 | D:9      | Found Juesoij's Weapon Boutique.
  8330 | D:10     | Entered Level 10 of the Dungeon
  8488 | D:10     | Noticed a two-headed ogre
  8541 | D:10     | Killed a two-headed ogre
  8748 | D:10     | Killed an unseen horror
  8862 | D:10     | Noticed a two-headed ogre
  8909 | D:10     | Killed a two-headed ogre
  9861 | D:10     | Noticed Nergalle
  9887 | D:10     | Killed Nergalle
  9887 | D:10     | Reached XP level 11. HP: 79/91 MP: 14/14
  9901 | D:10     | Noticed Gastronok
 10022 | D:9      | Killed an unseen horror
 10292 | D:10     | Found a staircase to the Lair.
 10601 | D:11     | Killed an unseen horror
 10813 | D:11     | Found a staircase to the Orcish Mines.
 11481 | D:12     | Noticed a six-headed hydra
 11524 | Orc:1    | Entered Level 1 of the Orcish Mines
 11524 | Orc:1    | Found a transporter.
 11524 | Orc:1    | Noticed a two-headed ogre
 11524 | Orc:1    | Noticed Fandomethor's ghost (journeyman MiFi)
 11524 | Orc:1    | Noticed a two-headed ogre
 11525 | Orc:1    | Noticed a two-headed ogre
 11529 | Orc:1    | Noticed a two-headed ogre
 11529 | Orc:1    | Noticed a two-headed ogre
 11552 | Orc:1    | Found Roec's General Store.
 11561 | Orc:1    | Bought a scroll of identify for 24 gold pieces
 11561 | Orc:1    | Bought a +2 chain mail of fire resistance for 258 gold pieces
 11600 | Orc:1    | Found Ceiparuf's Jewellery Boutique.
 11682 | Orc:1    | Found a dark tunnel.
 11690 | Volcano  | Entered a volcano
 11881 | Volcano  | Found a burning altar of Makhleb.
 12409 | Orc:1    | Found a transporter.
 12470 | Orc:2    | Entered Level 2 of the Orcish Mines
 12480 | Orc:2    | Reached skill level 10 in Armour
 12490 | Orc:2    | Reached skill level 10 in Shields
 12507 | Orc:2    | Reached XP level 12. HP: 91/100 MP: 15/15
 12563 | Orc:2    | Found a staircase to the Elven Halls.
 13593 | Orc:1    | Gained mutation: Your body sometimes deteriorates upon taking damage. [a neqoxec]
 13845 | Orc:2    | Found Eraj's Magic Scroll Emporium.
 13845 | Orc:2    | Found Loyroledgh's Antique Armour Shoppe.
 13845 | Orc:2    | Found Zatwoq's Armour Shoppe.
 13856 | Orc:2    | Found Fosm's Weapon Emporium.
 13931 | Orc:2    | Found Iloxabol's Assorted Antiques.
 13947 | Orc:2    | Bought a scroll labeled WONTU PASS for 33 gold pieces
 13951 | Orc:2    | Bought the +8 orange crystal plate armour {Archmagi, Int+3 Clar} for 4768 gold pieces
 13951 | Orc:2    | Found the +8 orange crystal plate armour {Archmagi, Int+3 Clar}
 14246 | Orc:2    | Found a roughly hewn altar of Beogh.
 14646 | Orc:2    | Bought a pair of embroidered gloves for 187 gold pieces
 15223 | Lair:1   | Entered Level 1 of the Lair of Beasts
 15725 | Lair:1   | Reached skill level 10 in Dodging
 16240 | Lair:2   | Noticed Sonja
 16801 | Orc:1    | Bought an uncursed ring of poison resistance for 280 gold pieces
 16810 | Orc:1    | Lost mutation: Your body sometimes deteriorates upon taking damage. [potion of mutation]
 16810 | Orc:1    | Gained mutation: You are agile. (Dex +2) [potion of mutation]
 16810 | Orc:1    | Gained mutation: You have sharp toenails. [potion of mutation]
 16810 | Orc:1    | Gained mutation: Your flesh is cold resistant. (rC+) [potion of mutation]
 16886 | Orc:1    | Reached XP level 13. HP: 104/107 MP: 16/16
 16888 | Orc:1    | Got a dazzling great mace {holy}
 17014 | Orc:1    | Killed Fandomethor's ghost
 17252 | Orc:1    | Identified Huzoeligh's Reference Book on Confrontation
 17398 | Lair:2   | Found a hole to the Spider Nest.
 17731 | Lair:2   | Killed Sonja
 18051 | Lair:3   | Found a staircase to the Swamp.
 19319 | Lair:5   | Found a runed gate.
 19319 | Lair:5   | Found a runed gate.
 19319 | Lair:5   | Found a runed gate.
 19320 | Lair:5   | Noticed Azzok's ghost (journeyman GrEE)
 19904 | Lair:5   | Identified the +1 great mace of Infection {holy, Int+5} (You took it off a two-headed ogre on level 1 of the Orcish Mines)
 19926 | Lair:5   | Killed Azzok's ghost
 20034 | Lair:6   | Entered Level 6 of the Lair of Beasts
 20725 | Lair:6   | Reached XP level 14. HP: 79/116 MP: 17/17
 20928 | Lair:6   | Found a viscous altar of Jiyva.
 20928 | Lair:6   | Found a staircase to the Slime Pits.
 21367 | Lair:6   | Got a polished arbalest
 21631 | Spider:1 | Entered Level 1 of the Spider Nest
 21667 | Spider:1 | Noticed Louise
 21800 | Spider:1 | Killed Louise
 21907 | Spider:1 | Noticed Kirke
 21920 | Spider:1 | Noticed a sphinx
 22116 | Lair:2   | Noticed a sphinx
 22135 | Lair:2   | Paralysed by a sphinx for 7 turns
 22141 | Lair:2   | Mangled by a harpy

Vault maps used:
D:1:      dpeg_arrival_boxes_within_box
D:3:      cheibrodos_fertilizer, first_ration, uniq_crazy_yiuf_cottage
D:4:      serial_shops, kennysheep_mini_moat, minmay_misc_feat_diagonals,
          uniq_menkaure
D:5:      cheibrodos_fzero, minmay_temple_entry_glass, serial_shops, shop,
          st_stairs_3, minmay_misc_feat_plants
D:7:      grunt_livestock, minivault_11
D:8:      kiku_gazebo_garden_becter, serial_shops, shop
D:9:      serial_shops, nicolae_shop_trees
D:10:     erik_lair_dragon, uniq_gastronok, uniq_nergalle
D:11:     erik_orc_3
Temple:   minmay_crystal_snake_temple
Lair:1:   grunt_megastairs_1, lemuel_fruit_tree
Lair:2:   nicolae_spider_entry_non_spiders, st_stairs_5, uniq_sonja
Lair:3:   swamp_mist, grunt_megastairs_2, serial_bayou_shore_b
Lair:4:   kennysheep_catoblepas_arena
Lair:5:   ebering_ghost_rock_garden
Lair:6:   minmay_lair_end_frog_pond, slime_altar_1,
          nicolae_quartered_pool_super, eino_house_with_fridge,
          serial_bayou_shore_b
Spider:1: spider_trap, nicolae_spider_circle_web, uniq_louise, uniq_kirke
Orc:1:    lightli_volcano_entry_magma_tube, gammafunk_ghost_smash, serial_shops,
          shop, nicolae_shop_window_shopping
Orc:2:    st_orc_mages, serial_shops, shop, kennysheep_orc_chapel
Volcano:  volcano_grotto

Skill      XL: |  1  2  3  4  5  6  7  8  9 10 11 12 13 14 |
---------------+-------------------------------------------+-----
Armour         | 3 4 5 6 7 8 10 11 12 | 12.6
Shields        | 3 4 5 6 7 8 10 11 12 | 12.9
Fighting       | 3 4 5 6 7 8 9 |  9.2
Axes           | 2 3 4 5 6 7 8 9 |  9.0
Dodging        | 1 3 4 6 7 9 10 11 | 11.9

Action                   |  1- 3 |  4- 6 |  7- 9 | 10-12 | 13-15 || total
-------------------------+-------+-------+-------+-------+-------++-------
Melee: War axe           |    94 |   170 |   582 |   706 |    23 ||  1575
       Broad axe         |       |       |       |   421 |   582 ||  1003
       Hand axe          |       |       |       |    13 |       ||    13
       Kick              |       |       |       |    10 |   327 ||   337
       Unarmed           |       |       |       |       |     3 ||     3
Evoke: Wand              |       |       |       |     7 |       ||     7
  Use: Scroll            |       |    10 |     6 |    25 |     5 ||    46
       Potion            |       |     3 |       |    10 |     2 ||    15
  Eat: Chunk             |     3 |     6 |    14 |    28 |    18 ||    69
       Ration            |       |       |       |     8 |       ||     8
Armor: Scale mail        |    61 |    64 |     8 |       |       ||   133
       Plate armour      |       |       |   315 |   649 |       ||   964
       Skin              |       |       |       |     2 |       ||     2
       Chain mail        |       |       |       |    58 |       ||    58
       Crystal plate arm |       |       |       |   236 |   479 ||   715
Dodge: Dodged            |    29 |    48 |   170 |   436 |   287 ||   970
Block: Shield            |    64 |   108 |   430 |  1025 |   503 ||  2130
       Large shield      |       |       |       |       |   164 ||   164

Table legend:
 A = Spawn XP
 B = Non-spawn XP
 C = Spawn XP percentage of total XP
 D = Spawn monster count
 E = Non-spawn monster count
 F = Spawn count percentage of total count
 G = Total turns spent on level
                    A         B        C        D         E        F      G
               +---------+---------+-------+---------+---------+-------+---------
         Total |       0 |   96029 |   0.0 |       0 |     652 |   0.0 | 22141
               +---------+---------+-------+---------+---------+-------+---------
           D:1 |       0 |      11 |   0.0 |       0 |       5 |   0.0 |   841
           D:2 |       0 |      54 |   0.0 |       0 |      19 |   0.0 |   998
           D:3 |       0 |     374 |   0.0 |       0 |      46 |   0.0 |  1746
           D:4 |       0 |     793 |   0.0 |       0 |      36 |   0.0 |   750
           D:5 |       0 |     827 |   0.0 |       0 |      45 |   0.0 |   880
           D:6 |       0 |     807 |   0.0 |       0 |      19 |   0.0 |   589
           D:7 |       0 |    2069 |   0.0 |       0 |      24 |   0.0 |  1079
           D:8 |       0 |    2170 |   0.0 |       0 |      38 |   0.0 |   679
           D:9 |       0 |    1566 |   0.0 |       0 |      10 |   0.0 |   879
          D:10 |       0 |    6313 |   0.0 |       0 |      39 |   0.0 |  1883
          D:11 |       0 |    5425 |   0.0 |       0 |      41 |   0.0 |  1437
        Lair:1 |       0 |    4766 |   0.0 |       0 |      21 |   0.0 |   958
        Lair:2 |       0 |    8311 |   0.0 |       0 |      39 |   0.0 |  1298
        Lair:3 |       0 |    2180 |   0.0 |       0 |       8 |   0.0 |   654
        Lair:4 |       0 |    6108 |   0.0 |       0 |      28 |   0.0 |   734
        Lair:5 |       0 |    9688 |   0.0 |       0 |      26 |   0.0 |  1227
        Lair:6 |       0 |   14376 |   0.0 |       0 |      63 |   0.0 |  1205
      Spider:1 |       0 |    7849 |   0.0 |       0 |      20 |   0.0 |   189
         Orc:1 |       0 |   10954 |   0.0 |       0 |      31 |   0.0 |  2378
         Orc:2 |       0 |    7174 |   0.0 |       0 |      75 |   0.0 |  1093
       Volcano |       0 |    4214 |   0.0 |       0 |      19 |   0.0 |   445
               +---------+---------+-------+---------+---------+-------+---------
